 Dungeon Crawl Stone Soup version 0.28-a0-21-gf74fda84f9 (webtiles) character file.

Game seed: 16773331548880875999

13 hatdisgam the Caller (level 2, 0/19 HPs)
             Began as a Merfolk Summoner on July 26, 2021.
             Slain by a quokka (3 damage)
             ... on level 1 of the Dungeon.
             The game lasted 00:01:44 (890 turns).

hatdisgam the Caller (Merfolk Summoner)              Turns: 890, Time: 00:01:45

Health: 0/19       AC:  2    Str:  8    XL:     2   Next: 37%
Magic:  4/5        EV: 12    Int: 14    God:
Gold:   17         SH:  0    Dex: 14    Spells: 4/5 levels left

rFire   . . .      SeeInvis .   c - +0 short sword
rCold   . . .      Faith    .   (no shield)
rNeg    . . .      Spirit   .   a - +0 robe
rPois   .          Reflect  .   (no helmet)
rElec   .          Harm     .   (no cloak)
rCorr   .          Rampage  .   (no gloves)
Will    .....                   (no boots)
Stlth   ++........              (no amulet)
HPRegen 0.06/turn               (no ring)
MPRegen 0.09/turn               (no ring)

@: no status effects
A: (nimble swimmer 2), mertail
a: no special abilities


You were on level 1 of the Dungeon.
You visited 1 branch of the dungeon, and saw 1 of its levels.

You collected 17 gold pieces.

Inventory:

Hand Weapons
 c - a +0 short sword (weapon)
Armour
 a - a +0 robe (worn)
Jewellery
 b - a +6 ring of intelligence
Scrolls
 d - a scroll of enchant armour {unknown}
 e - a scroll of noise {unknown}


   Skills:
 - Level 2.6 Dodging
 - Level 2.1 Stealth
 + Level 2.2 Spellcasting
 * Level 4.4 Summonings


You had 4 spell levels left.
You knew the following spells:

 Your Spells              Type           Power      Damage    Failure   Level
a - Summon Small Mammal   Summ           52%        N/A       3%          1

Your spell library contained the following spells:

 Spells                   Type           Power      Damage    Failure   Level
 Call Imp                 Summ           13%        N/A       6%          2
 Call Canine Familiar     Summ           13%        N/A       12%         3
 Summon Guardian Golem    Hex/Summ       7%         N/A       28%         3
 Summon Lightning Spire   Summ/Air       7%         N/A       67%         4


Dungeon Overview and Level Annotations

Branches:
Dungeon (1/15)

Altars:


Innate Abilities, Weirdness & Mutations

((You are quick and stealthy near water. (Stealth+, EV+, Speed+++)))
Your lower body shifts to a powerful aquatic tail in water.


Message History

You closely miss the quokka.
Your bat closely misses the quokka.
The quokka bites you but does no damage.
Unknown command.
You closely miss the quokka. Your bat hits the quokka.
Your bat misses the quokka. The quokka barely misses you.
You swap places.
Your bat hits the quokka.
Your bat barely misses the quokka.
The quokka bites you.
You closely miss the quokka.
The quokka is heavily wounded.
Your bat barely misses the quokka.
Your bat closely misses the quokka.
Your bat misses the quokka. Your bat misses the frilled lizard.
The frilled lizard closely misses your bat.
The quokka misses you.
Your bat barely misses the quokka.
The frilled lizard closely misses your bat.
You miss the quokka.
The quokka is heavily wounded.
Your bat completely misses the quokka.
Your bat barely misses the quokka.
The quokka barely misses you.
Your bat closely misses the quokka.
Your bat hits the quokka but does no damage.
The frilled lizard barely misses your bat.
You hit the quokka but do no damage.
The quokka is heavily wounded.
Your bat barely misses the quokka. x2; Your bat closely misses the quokka.
The quokka bites you.
Your bat closely misses the quokka.
The frilled lizard bites your bat but does no damage.
The quokka bites you.
* * * LOW HITPOINT WARNING * * *
Your bat misses the quokka.
Your bat barely misses the quokka. x2
Your bat closely misses the quokka.
You swap places.
Your bat misses the frilled lizard. Your bat hits the quokka.
Your bat closely misses the frilled lizard.
Your bat hits the frilled lizard.
The frilled lizard dies!
The quokka closely misses you.
You swap places.
Your bat closely misses the quokka.
Your bat hits the quokka but does no damage.
You swap places.
Your bat barely misses the quokka.
Your bat hits the quokka but does no damage.
Your bat misses the quokka. The quokka bites you.
You die...

#..#..#..# ##########..#.##.##
###.............##.#
..............####.#
###.........#..###.#
............#......# #.
.##.........#......# #.
#..b......#......# #.##
#..@.............#
#.....####..r......#......#
##..................#.....÷#
..##...######..b.......######.#
.......######†########.# ###.#
............).# #.# ##...#
.###..################.###..###
#.. #......<......##.##..## #.
#.............##.##.##


You could see a quokka (ally target) and 2 friendly bats.

Vanquished Creatures
  An endoplasm (D:1)
  A giant cockroach (D:1)
  3 jackals (D:1)
5 creatures vanquished.

Vanquished Creatures (collateral kills)
  2 goblins (D:1)
  A hobgoblin (D:1)
  A jackal (D:1)
  A quokka (D:1)
  2 frilled lizards (D:1)
  A kobold (D:1)
8 creatures vanquished.

Grand Total: 13 creatures vanquished

Notes
Turn   | Place    | Note
-------+----------+-------------------------------------------
     0 | D:1      | hatdisgam the Merfolk Summoner began the quest for the Orb.
     0 | D:1      | Reached XP level 1. HP: 13/13 MP: 3/3
   535 | D:1      | Reached XP level 2. HP: 9/19 MP: 0/5
   890 | D:1      | Slain by a quokka

Illustrated notes

Levels and vault maps discovered:
D:1:      lemuel_arrival_funnel, layout_rooms, chequers_ecumenical_altar_grove

Action                   || total
-------------------------++-------
Melee: Short sword       ||    33
       Unarmed           ||     6
 Cast: Summon Small Mamm ||    14
Armor: Robe              ||     9
Dodge: Dodged            ||    28

Table legend: (Time is in decaauts)
 A = Elapsed time spent in this place.
 B = Non-inter-level travel time spent in this place.
 C = Inter-level travel time spent in this place.
 D = Time resting spent in this place.
 E = Time spent auto-exploring this place.
 F = Levels seen in this place.
 G = Mean time per level.
                   A        B        C        D        E       F      G
               +--------+--------+--------+--------+--------+-----+--------+
         Total |    892 |    892 |      0 |    134 |    613 |   1 |  892.0 |
       Dungeon |    892 |    892 |      0 |    134 |    613 |   1 |  892.0 |
               +--------+--------+--------+--------+--------+-----+--------+

Top non-repeatable levels by time:
     D:1: 892 daAuts
